 Dungeon Crawl Stone Soup version 0.22-a0-246-gdc04c06 (webtiles) character file.

23 KristoblXynda the Ruffian (level 2, -1/25 HPs)
             Began as a Naga Transmuter on Feb 19, 2018.
             Slain by a kobold (2 damage)
             ... on level 3 of the Dungeon on Feb 22, 2018.
             The game lasted 00:02:57 (1019 turns).

KristoblXynda the Ruffian (Naga Transmuter)         Turns: 1019, Time: 00:02:58

Health: -1/25      AC:  1    Str: 12    XL:     2   Next: 95%
Magic:  5/5        EV: 10    Int: 13    God:
Gold:   39         SH:  0    Dex: 11    Spells: 4/5 levels left

rFire    . . .     SeeInvis +     - Unarmed
rCold    . . .     Gourm    .   (no shield)
rNeg     . . .     Faith    .   b - +0 robe
rPois    +         Spirit   .   (no helmet)
rElec    .         Reflect  .   (no cloak)
rCorr    .         Harm     .   (no gloves)
MR       .....                  (no barding)
Stlth    +.........             (no amulet)
HPRegen  0.08/turn              (no ring)
MPRegen  0.09/turn              (no ring)

@: very slightly contaminated, very slow
A: large, see invisible, deformed body, poison resistance, slowness 2, slow
metabolism 1, spit poison 1, AC +0
a: Spit Poison


You were on level 3 of the Dungeon.
You were not hungry.

You visited 1 branch of the dungeon, and saw 3 of its levels.

You collected 39 gold pieces.

Inventory:

Armour
 b - a +0 robe (worn)
Jewellery
 d - a +3 amulet of reflection {unknown}
Scrolls
 e - a scroll of remove curse
Comestibles
 c - a ration
 f - 2 chunks of flesh


   Skills:
 - Level 1.0 Fighting
 + Level 1.9 Dodging
 * Level 3.5 Unarmed Combat
 - Level 2.0 Spellcasting
 + Level 2.3 Transmutations


You had 4 spell levels left.
You knew the following spells:

 Your Spells              Type           Power        Failure   Level  Hunger
a - Beastly Appendage     Tmut           #.....       10%         1    ##.....


Dungeon Overview and Level Annotations

Branches:
Dungeon (3/15)

Altars:
Trog

Annotations:
D:2 Robin


Innate Abilities, Weirdness & Mutations

You cannot wear boots.
Your serpentine skin is tough. (AC +0)
You have supernaturally acute eyesight. (SInv)
Armour fits poorly on your strangely shaped body.
Your system is resistant to poisons. (rPois)
You cover ground very slowly.
You have a slow metabolism.
You can spit poison.


Message History

Blink to where?
Press: ? - help, Dir - move target cursor, f - you Are you sure you want to cancel this blink?
Blink to where?
Press: ? - help, Dir - move target cursor You are very lightly contaminated with residual magic.
As you read the scroll labeled WIMYAM VEXT, it crumbles to dust.
It was a scroll of blinking.
Found a scroll labeled PUIQEE AHEUFI.
The kobold closely misses you.
As you read the scroll labeled PUIQEE AHEUFI, it crumbles to dust.
It is a scroll of enchant weapon.
You aren't carrying any weapons that can be enchanted.
The kobold hits you.
* * * LOW HITPOINT WARNING * * *
As you read the scroll labeled OMAXTI NEZXIT, it crumbles to dust.
It is a scroll of amnesia.
Okay, then.
The kobold hits you.
You die...

######### #....ro.#
#
###########.#####.#
# #...?.@Kroo.# #.#
## #.###########
#.####. #..K...K
#..####. #.......
#.#####. .. ... #.
#### #. #


You could see an orc priest, an orc, a kobold and a rat.

Vanquished Creatures
  A dart slug (D:1)
  A leopard gecko (D:1)
  5 goblins (D:1)
  2 hobgoblins (D:1)
  5 bats (D:1)
  A frilled lizard (D:1)
  A kobold (D:1)
  3 rats (D:1)
19 creatures vanquished.

Notes
Turn   | Place    | Note
-------+----------+-------------------------------------------
     0 | D:1      | KristoblXynda the Naga Transmuter began the quest for the Orb.
     0 | D:1      | Reached XP level 1. HP: 18/18 MP: 3/3
     0 | D:1      | Upgraded the game from 0.22-a0-224-g8cf3520 to 0.22-a0-231-g1b571ea
     0 | D:1      | Upgraded the game from 0.22-a0-231-g1b571ea to 0.22-a0-246-gdc04c06
   274 | D:1      | Reached XP level 2. HP: 25/25 MP: 5/5
   866 | D:2      | Noticed Robin
   998 | D:2      | Found a bloodstained altar of Trog.
  1018 | D:3      | HP: 1/25 [kobold (4)]
  1019 | D:3      | Slain by a kobold

Vault maps used:
D:1:      roderic_dead_forest, eino_curves_01
D:2:      wad_pebble_path, gammafunk_temple_overflow_statue, first_ration,
          hangedman_glass_teeth, trog_three_pillars_becter, uniq_robin,
          uniq_natasha
D:3:      nemelex_xobeh_ov_fountains_minmay, uniq_jessica, uniq_grinder,
          uniq_ijyb

Action                   || total
-------------------------++-------
Melee: Unarmed           ||    52
 Cast: Beastly Appendage ||     1
 Abil: Spit Poison       ||     9
  Use: Scroll            ||     4
       Potion            ||     1
 Stab: Sleeping          ||     2
Armor: Robe              ||    19
Dodge: Dodged            ||    38

Table legend:
 A = Spawn XP
 B = Non-spawn XP
 C = Spawn XP percentage of total XP
 D = Spawn monster count
 E = Non-spawn monster count
 F = Spawn count percentage of total count
 G = Total turns spent on level
                    A         B        C        D         E        F      G
               +---------+---------+-------+---------+---------+-------+---------
         Total |       0 |      33 |   0.0 |       0 |      19 |   0.0 |  1019
               +---------+---------+-------+---------+---------+-------+---------
           D:1 |       0 |      33 |   0.0 |       0 |      19 |   0.0 |   971
               +---------+---------+-------+---------+---------+-------+---------
